 Dungeon Crawl Stone Soup version 0.25-a0-287-g56a5b49892 (webtiles) character file.

Game seed: 7411339018662922075, levelgen mode: deterministic

716 floatRand the Shield-Bearer (level 8, 0/58 HPs)
             Began as a Formicid Fighter on Dec 12, 2019.
             Was an Elder of Uskayaw.
             Slain by a bullfrog (4 damage)
             ... in a sewer.
             The game lasted 00:06:13 (4672 turns).

floatRand the Shield-Bearer (Formicid Fighter)      Turns: 4672, Time: 00:06:14

Health: 0/58       AC:  6    Str: 26    XL:     8   Next: 1%
Magic:  7/9        EV:  6    Int:  8    God:    Uskayaw [****..]
Gold:   128        SH: 11    Dex: 12    Spells: 7/7 levels left

rFire    . . .     SeeInvis +   v - +2 spear (venom)
rCold    . . .     Gourm    .   c - +0 shield
rNeg     . . .     Faith    .   b - +0 scale mail
rPois    .         Spirit   .   (helmet unavailable)
rElec    .         Reflect  .   (no cloak)
rCorr    .         Harm     .   (no gloves)
MR       .....                  (no boots)
Stlth    ++........             (no amulet)
HPRegen  0.19/turn              (no ring)
MPRegen  0.11/turn              (no ring)

@: mighty, lethally poisoned (0 -> -1), constricted
A: permanent stasis, dig shafts and tunnels, four strong arms, antennae 3
a: Dig, Shaft Self, Stomp, Line Pass, Renounce Religion


You were in a sewer.
You worshipped Uskayaw.
Uskayaw was noncommittal.
You were not hungry.

You visited 2 branches of the dungeon, and saw 7 of its levels.
You also visited: Sewer.

You collected 128 gold pieces.

Inventory:

Hand Weapons
 a - a +0 war axe
 q - a +1 dagger of venom
 v - a +2 spear of venom (weapon)
 x - a +4 trident
Armour
 b - a +0 scale mail (worn)
 c - a +0 shield (worn)
 j - a cursed +0 buckler
Jewellery
 l - an uncursed ring of protection from fire {unknown}
Wands
 d - a wand of polymorph (5)
 w - a wand of scattershot (3)
Scrolls
 e - 2 scrolls of identify
 g - 4 scrolls of remove curse {unknown}
 h - a scroll of immolation {unknown}
 k - a scroll of enchant armour {unknown}
 m - 2 scrolls of random uselessness {unknown}
 p - 3 scrolls of enchant weapon {unknown}
 r - 3 scrolls of blinking {unknown}
 s - 4 scrolls of teleportation {unknown}
 t - 2 scrolls of magic mapping {unknown}
Potions
 i - a potion of haste {unknown}
 n - 3 potions of magic {unknown}
 u - 3 potions of curing {unknown}
 z - a potion of heal wounds {unknown}
Comestibles
 f - 11 rations


   Skills:
 - Level 3.2 Fighting
 + Level 4.9 Axes
 - Level 3.2 Armour
 + Level 5.8 Stealth
 + Level 6.5 Shields
 * Level 2.0 Invocations


You had 7 spell levels left.
You didn't know any spells.
Your spell library was empty.

Dungeon Overview and Level Annotations

Branches:
Dungeon (7/15)             Temple (1/1) D:6           Sewer (1/1)

Altars:
Ashenzari
Dithmenos
Elyvilon
Gozag
Kikubaaqudgha
Nemelex Xobeh
Okawaru
Qazlal
Sif Muna
Trog
Uskayaw
Vehumet
Wu Jian
The Shining One


Innate Abilities, Weirdness & Mutations

You cannot be hasted, slowed, berserked, paralysed or teleported.
You can dig through walls and to a lower floor.
Your four strong arms can wield two-handed weapons with a shield.
You have a pair of large antennae on your head. (SInv)


Message History

You block the bullfrog's attack. You block the ball python's attack.
* * * LOW HITPOINT WARNING * * *
The ball python constricts you.
Unknown command.
You puncture the bullfrog!
The bullfrog is poisoned.
The bullfrog is severely wounded.
The bullfrog hits you but does no damage.
You block the frilled lizard's attack.
The ball python bites you but does no damage.
The ball python constricts you.
Uskayaw will force your foes to share their pain.
Uskayaw links your audience in an emotional bond!
You barely miss the bullfrog.
The bullfrog is severely wounded.
You feel sick. You block the bullfrog's attack.
The frilled lizard bites you but does no damage.
The ball python closely misses you.
* * * LOW HITPOINT WARNING * * *
The ball python constricts you. The bullfrog hits you.
You die...

#.≈l≈S##
#.....
#≈≈≈#≈≈#
#≈≈≈≈≈
#≈≈≈≈≈≈#
#≈≈≈≈≈
#≈≈≈≈≈≈#
#≈≈≈≈≈
#≈≈≈≈≈≈#
#≈≈≈≈≈
#≈#≈≈≈≈#
#≈≈≈≈≈
#≈≈≈≈≈≈#
#≈≈≈≈≈
#lF≈≈≈≈#
#≈≈≈≈≈
#†@S≈≈≈#
#≈≈.≈.
#≈≈≈≈≈≈#
#≈.((≈
#≈#≈≈≈≈#
##.÷.≈
#≈≈≈≈≈≈#
#≈≈≈≈≈
#≈≈≈≈≈≈#
#≈≈≈≈≈
#≈≈≈≈≈≈#
#≈≈≈≈≈
#≈≈≈≈≈≈#
#≈≈≈≈≈
#≈≈≈≈≈≈#####
#≈≈≈≈≈
#..≈.≈###..#
#.≈.≈÷


You could see a bullfrog, a ball python and a frilled lizard.

Vanquished Creatures
  Sigmund (D:2)
  A bullfrog (Sewer)
  A scorpion (D:4)
  A wight (D:6)
  3 orc wizards
  Robin (D:4)
  3 gnolls (D:3)
  13 adders
  3 river rats
  An ooze (D:3)
  2 worms
  A dart slug (D:3)
  13 orcs
  3 giant cockroaches
  8 hobgoblins
  8 jackals (D:1)
  8 ball pythons (Sewer)
  9 bats
  7 frilled lizards
  18 goblins
  14 kobolds
  29 rats
148 creatures vanquished.

Notes
Turn   | Place    | Note
-------+----------+-------------------------------------------
     0 | D:1      | floatRand the Formicid Fighter began the quest for the Orb.
     0 | D:1      | Reached XP level 1. HP: 18/18 MP: 1/1
   116 | D:1      | Reached skill level 1 in Stealth
   116 | D:1      | Reached XP level 2. HP: 23/24 MP: 2/2
   382 | D:1      | Reached skill level 4 in Shields
   458 | D:1      | Found a shattered altar of Ashenzari.
   471 | D:1      | Reached XP level 3. HP: 28/29 MP: 3/3
   985 | D:2      | Reached XP level 4. HP: 24/35 MP: 4/4
  1309 | D:2      | Noticed Sigmund
  1326 | D:2      | Killed Sigmund
  1326 | D:2      | Reached skill level 5 in Shields
  1326 | D:2      | Reached XP level 5. HP: 33/41 MP: 5/5
  1326 | D:2      | Reached XP level 6. HP: 38/47 MP: 6/6
  2257 | D:2      | HP: 2/47 [poisoned by a gnoll]
  3514 | D:4      | Reached skill level 5 in Stealth
  3514 | D:4      | Reached XP level 7. HP: 52/52 MP: 7/7
  3551 | D:4      | Noticed Robin
  3585 | D:4      | Reached skill level 6 in Shields
  3640 | D:4      | Killed Robin
  3811 | D:4      | You fall into a shaft and drop 3 floors!
  3822 | D:6      | Found a staircase to the Ecumenical Temple.
  3832 | Temple   | Entered the Ecumenical Temple
  3881 | Temple   | Became a worshipper of Uskayaw the Reveler
  3940 | D:6      | Reached * piety under Uskayaw
  3945 | D:6      | Reached ** piety under Uskayaw
  4007 | D:6      | Found a glowing drain.
  4055 | Sewer    | Entered a sewer
  4184 | Sewer    | Reached *** piety under Uskayaw
  4377 | Sewer    | Reached skill level 1 in Invocations
  4666 | Sewer    | Reached XP level 8. HP: 18/58 MP: 7/9
  4671 | Sewer    | Reached **** piety under Uskayaw
  4672 | Sewer    | Slain by a bullfrog

Levels and vault maps discovered:
D:1:      dpeg_arrival_three_same_balls, layout_rooms, ashenzari_altar_1
D:2:      layout_loops_cross, wad_orctagon, uniq_sigmund
D:3:      layout_basic
D:4:      layout_layer_cave, kennysheep_mini, first_ration, ebering_ghost_gozag,
          kennysheep_generic_room_5, uniq_pikel, uniq_robin
D:6:      layout_basic, minmay_temple_entry_from_below_b, gup_sewer_entry_bowl,
          kennysheep_generic_room_6, uniq_grinder, uniq_menkaure
D:7:      layout_rooms, minmay_between
Temple:   regret_index_temple_chain_breaker
Sewer:    sewer_minmay_w

Skill      XL: |  1  2  3  4  5  6  7  8 |
---------------+-------------------------+-----
Stealth        | 1 2 4 5 |  5.8
Shields        | 4 5 6 |  6.5
Axes           | 3 4 |  4.9
Invocations    | 1 2 |  2.0
Fighting       | |  3.2
Armour         | |  3.2

Action                   |  1- 3 |  4- 6 |  7- 9 || total
-------------------------+-------+-------+-------++-------
Melee: War axe           |   105 |    48 |       ||   153
       Spear             |       |    62 |   185 ||   247
       Dagger            |       |    49 |       ||    49
  Use: Potion            |       |     1 |     1 ||     2
       Scroll            |       |     1 |       ||     1
 Stab: Distracted        |       |     1 |       ||     1
       Sleeping          |       |     1 |       ||     1
       Paralysed         |       |       |     2 ||     2
  Eat: Chunk             |       |     9 |     4 ||    13
Armor: Scale mail        |    73 |    29 |    89 ||   191
Dodge: Dodged            |    48 |    47 |    70 ||   165
Block: Shield            |    88 |    73 |   157 ||   318

Table legend:
 A = Non-vault XP
 B = Vault XP
 C = Vault XP percentage of total XP
 D = Non-vault monster count
 E = Vault monster count
 F = Vault count percentage of total count
                 A         B        C        D         E       F
            +---------+---------+-------+---------+---------+-------
      Total |     407 |     617 |  60.3 |      81 |      67 |  45.3
            +---------+---------+-------+---------+---------+-------
        D:1 |      50 |       0 |   0.0 |      32 |       0 |   0.0
        D:2 |      62 |     224 |  78.3 |      11 |       5 |  31.2
        D:3 |     179 |       0 |   0.0 |      33 |       0 |   0.0
        D:4 |     116 |      42 |  26.6 |       5 |      13 |  72.2
        D:6 |       0 |     115 | 100.0 |       0 |       4 | 100.0
      Sewer |       0 |     236 | 100.0 |       0 |      45 | 100.0
            +---------+---------+-------+---------+---------+-------
